AoeStats
← brent_204

Migration

508191690Analyzed
1v1 RM · 11d ago on Sep 21, 2026· 34m 20s· 2 players
Game mode
Random Map
Map size
132×132
Population
200
Speed
Normal
Resources
Standard
Victory
Conquest
Starting age
Dark Age
Ending age
Imperial Age
RankedLock teamsTeams togetherTeam positionsShared explorationLock speedFull tech treeHidden civsTurbo modeCheats
Victory
Defeat
🇭🇰 Franks · Hong Kong SAR China
701
+13
🇧🇪 Britons · Belgium
635
-13
brent_204
10:10 Loom
13:36 Feudal Age
14:01 Horse Collar
14:12 Double-Bit Axe
14:10 Fishing Lines
15:53 Town Watch
20:57 Castle Age
19:53 Wheelbarrow
21:00 Fletching
21:11 Padded Archer Armor
21:15 Crossbowman
22:47 Bodkin Arrow
23:34 Hand Cart
24:46 Leather Archer Armor
24:58 Bow Saw
24:51 Heavy Plow
26:16 Ballistics
31:30 Imperial Age
furious chicken
9:00 Loom
11:52 Feudal Age
16:23 Castle Age
14:39 Double-Bit Axe
14:46 Gold Mining
17:09 Husbandry
19:42 Wheelbarrow
21:17 Hand Cart
23:11 Medium Warships
23:45 Medium Warships
23:30 Crossbowman
25:36 Elite Skirmisher
26:35 Fletching
26:45 Padded Archer Armor
28:33 Bodkin Arrow
29:37 Town Watch
30:43 Scale Barding Armor
30:54 Stone Mining
Connection lost

Rejoining the realm…

Still unreachable

The connection could not be restored.

Session expired

The server has moved on; the page needs a fresh start.